 Dungeon Crawl Stone Soup version 0.28.0 (webtiles) character file.

Game seed: 3427178259788913380

13 blackman the Shield-Bearer (level 2, 26/26 HPs)
             Began as a Minotaur Fighter on Feb 5, 2022.
             Was an Initiate of Ru.
             Quit the game on level 1 of the Dungeon.
             The game lasted 00:00:30 (191 turns).

blackman the Shield-Bearer (Minotaur Fighter)        Turns: 191, Time: 00:00:30

Health: 26/26      AC:  6    Str: 20    XL:     2   Next: 24%
Magic:  1/1        EV:  9    Int:  5    God:    Ru [......]
Gold:   13         SH:  4    Dex:  9    Spells: 1/1 levels left

rFire   . . .      SeeInvis .   a - +0 war axe
rCold   . . .      Faith    .   c - +0 buckler
rNeg    . . .      Spirit   .   b - +0 scale mail
rPois   .          Reflect  .   (helmet restricted)
rElec   .          Harm     .   (no cloak)
rCorr   .          Rampage  .   (no gloves)
Will    .....                   (no boots)
Stlth   ..........              (no amulet)
HPRegen 0.08/turn               (no ring)
MPRegen 0.07/turn               (no ring)

@: no status effects
A: horns 2, retaliatory headbutt
a: Renounce Religion


You were on level 1 of the Dungeon.
You worshipped Ru.
Ru was noncommittal.
You visited 1 branch of the dungeon, and saw 1 of its levels.

You collected 13 gold pieces.

Inventory:

Hand Weapons
 a - a +0 war axe (weapon)
Armour
 b - a +0 scale mail (worn)
 c - a +0 buckler (worn)
Scrolls
 e - a scroll of brand weapon {unknown}
Potions
 d - a potion of might


   Skills:
 - Level 3.6 Fighting
 + Level 3.6 Axes
 - Level 3.6 Armour
 - Level 3.6 Shields


You had one spell level left.
You didn't know any spells.
Your spell library was empty.

Dungeon Overview and Level Annotations

Branches:
Dungeon (1/15)

Altars:
Ru
Beogh


Innate Abilities, Weirdness & Mutations

You have a pair of horns on your head.
You reflexively headbutt those who attack you in melee.


Message History

No target in view!
e - a scroll labelled ZITSUE YCIEST
Things that are here:
a +0 short sword; a kobold corpse
Found a roughly hewn altar of Beogh.
A dart slug comes into view.
A dart slug is nearby!
A dart slug is nearby!
A rat comes into view.
You slash the dart slug!
You kill the dart slug!
You closely miss the rat. The rat bites you but does no damage.
You hit the rat.
The rat is heavily wounded.
The rat barely misses you. You furiously retaliate!
You headbutt the rat.
You kill the rat!
No target in view!
No target in view!
No target in view!
No target in view!
Things that are here:
a rat corpse; a dart slug corpse You now have 13 gold pieces.
You open the door.
Found a large rock.
Found a faded altar of an unknown god.
You open the door.
Found a draconian skeleton.
No target in view!
No target in view!
No target in view!
Sorry, I don't know how to traverse that place.
Sorry, I don't know how to get there.
Sorry, I don't know how to get there.
There is an open door here.
There is a faded altar of an unknown god here.
You see here a large rock.
You cannot tell which god this altar belongs to.
Convert to them anyway?
Ru accepts your prayer! Ru welcomes you!
Are you sure you want to abandon this character and quit the game? (Confirm with "yes".)

### #@# ###'###
##.....#######
##.......##...#
#.........#...#
#.............#
###...#≈#.......#
#÷'...≈_≈.....⌠.###
###...#≈#.........#


There were no monsters in sight!

Vanquished Creatures
  A dart slug (D:1)
  An endoplasm (D:1)
  2 giant cockroaches (D:1)
  A hobgoblin (D:1)
  A kobold (D:1)
  A quokka (D:1)
  A frilled lizard (D:1)
  2 rats (D:1)
10 creatures vanquished.

Notes
Turn   | Place    | Note
-------+----------+-------------------------------------------
     0 | D:1      | blackman the Minotaur Fighter began the quest for the Orb.
     0 | D:1      | Reached XP level 1. HP: 19/19 MP: 0/0
   145 | D:1      | Reached XP level 2. HP: 26/26 MP: 1/1
   175 | D:1      | Found a faded altar of an unknown god.
   190 | D:1      | Prayed at the altar of an unknown god.
   190 | D:1      | Became a worshipper of Ru the Awakened
   191 | D:1      | Quit the game

Illustrated notes

Levels and vault maps discovered:
D:1:      ncdulo_wetmaze, layout_basic,
          hellmonk_ecumenical_altar_defaced_shrine, nrook_mini_vaults,
          wad_floor_pattern_2

Skill      XL: |  1 |
---------------+----+-----
Axes           | 3 |  3.6
Fighting       | |  3.6
Armour         | |  3.6
Shields        | |  3.6

Action                   || total
-------------------------++-------
Melee: War axe           ||    17
Armor: Scale mail        ||     3
Dodge: Dodged            ||     8
Block: Buckler           ||     1
